 Dungeon Crawl Stone Soup version 0.30-a0-568-g124715a40b (webtiles) character file.

Game seed: 14290196846841457015

71228 PyroL the Frost Mage (level 14, 0/121 HPs)
             Began as a Yellow Draconian Ice Elementalist on Dec 29, 2022.
             Was a High Priest of Vehumet.
             Slain by an ice devil (16 damage)
             ... on level 4 of the Lair of Beasts.
             The game lasted 00:38:02 (19215 turns).

PyroL the Frost Mage (DrIE)                        Turns: 19215, Time: 00:38:02

Health: 0/121      AC: 22    Str: 15    XL:     14   Next: 97%
Magic:  7/23       EV: 15    Int: 21    God:    Vehumet [*****.]
Gold:   1045       SH:  3    Dex: 12    Spells: 3/25 levels left

rFire   . . .      SeeInvis .    D - +6 scimitar (venom)
rCold   . . .      Faith    .    I - +0 buckler
rNeg    + . .      Spirit   .    (body armour unavailable)
rPois   .          Reflect  .    L - +1 hat
rElec   .          Harm     .    r - +0 cloak
rCorr   +          Rampage  .    C - +2 pair of gloves {Str+3}
Will    +....                    (no boots)
Stlth   ++                       N - amulet of magic regeneration
HPRegen 0.40/turn                M - ring of Isazick {rN+ Str+2}
MPRegen 0.58/turn                (no ring)

@: ice-armoured, about to teleport, freezing walls, slowed, very slow
A: spit acid, AC +8, unfitting armour, acidic bite, cold-blooded, acid
resistance
a: Breathe Acid, Renounce Religion


You were on level 4 of the Lair of Beasts.
You worshipped Vehumet.
Vehumet was extremely pleased with you.
You visited 3 branches of the dungeon, and saw 17 of its levels.
You also visited: Sewer.

You collected 1045 gold pieces.

Inventory:

Hand Weapons
 D - a +6 scimitar of venom (weapon)
Missiles
 p - 13 poisoned darts
 y - 2 throwing nets
 z - 4 silver boomerangs
Armour
 r - a +0 cloak (worn)
 C - a +2 pair of gloves of strength (worn)
 I - a +0 buckler (worn)
 L - a +1 hat (worn)
Jewellery
 B - a ring of positive energy
 M - the ring of Isazick (left hand) {rN+ Str+2}
   (You found it on level 10 of the Dungeon)

   [ring of positive energy]

   Str:       It affects your strength (+2).
   rN:        It protects you from negative energy.
 N - an amulet of magic regeneration (around neck)
 P - a ring of protection from cold
 Q - a ring of willpower
Wands
 n - a wand of polymorph (7)
 F - a wand of iceblast (16)
 H - a wand of flame (17)
Scrolls
 b - 6 scrolls of teleportation
 f - 3 scrolls of vulnerability
 h - 4 scrolls of poison
 j - a scroll of magic mapping
 m - 3 scrolls of immolation
 q - 4 scrolls of fear
 s - 3 scrolls of enchant weapon
 t - 2 scrolls of summoning
 w - a scroll of enchant armour
 x - a scroll of brand weapon
 E - 2 scrolls of blinking
 K - a scroll of amnesia
 O - a scroll of acquirement {unknown}
Potions
 a - 6 potions of magic
 c - 8 potions of attraction
 e - 6 potions of curing
 g - 7 potions of might
 i - 2 potions of berserk rage
 k - 3 potions of lignification
 l - 3 potions of heal wounds
 o - 4 potions of flight
 u - a potion of mutation
 v - 4 potions of brilliance
 A - a potion of cancellation
 G - a potion of resistance {unknown}
 J - a potion of haste
Miscellaneous
 d - a phantom mirror


   Skills:
 - Level 10.0 Fighting
 - Level 10.1 Dodging
 - Level 1.7 Stealth
 + Level 6.3 Spellcasting
 - Level 13.5 Conjurations
 - Level 14.2 Ice Magic
 + Level 6.0 Air Magic


You had 3 spell levels left.
You knew the following spells:

 Your Spells              Type           Power      Damage    Failure   Level
a - Freeze                Ice            100%       1d10      1%          1
b - Ozocubu's Armour      Ice            60%        N/A       1%          3
c - Frozen Ramparts       Ice            100%       1d16      1%          3
d - Hailstorm             Conj/Ice       60%        3d13      1%          3
e - Arcjolt               Conj/Air       23%        1d33      1%          5
f - Orb of Destruction    Conj           29%        9d9       11%         7

Your spell library contained the following spells:

 Spells                   Type           Power      Damage    Failure   Level
 Conjure Ball Lightning   Conj/Air       23%        3x3d6     10%         6
 Kiss of Death            Conj/Necr      100%       2d13      1%          1
 Beastly Appendage        Tmut           12%        N/A       13%         1
 Wereblood                Tmut           6%         N/A       21%         2
 Confusing Touch          Hex            6%         N/A       36%         3
 Spider Form              Tmut/Pois      6%         N/A       36%         3
 Summon Ice Beast         Ice/Summ       36%        N/A       7%          4
 Yara's Violent Unravell  Hex/Tmut       3%         3d4       63%         5
 Dispel Undead            Necr           6%         3d8       78%         4
 Enfeeble                 Hex            3%         N/A       100%        7


Dungeon Overview and Level Annotations

Branches:
Dungeon (12/15)            Temple (1/1) D:5            Lair (4/5) D:8
 Shoals (0/4) Lair:3        Snake (0/4) Lair:2        Slime (0/5) Lair:4
    Orc (0/2) D:11          Sewer (visited)

Altars:
Ashenzari
Cheibriados
Dithmenos
Elyvilon
Fedhas
Gozag
Hepliaklqana
Kikubaaqudgha
Makhleb
Nemelex Xobeh
Okawaru
Qazlal
Ru
Sif Muna
Trog
Uskayaw
Vehumet
Wu Jian
Xom
Yredelemnul
Zin
The Shining One
Jiyva

Annotations:
D:10 3 runed translucent doors, BubbleThief's ghost, journeyman NaIE


Innate Abilities, Weirdness & Mutations

You can spit globs of acid.
Your golden yellow scales are hard. (AC +8)
You cannot fit into any form of body armour.
You have acidic saliva.
You are cold-blooded and may be slowed by cold attacks.
You are resistant to acid. (rCorr)


Message History

Vehumet accepts your kill.
Unknown command.
Casting: Arcjolt (mildly dangerous; 1% risk of failure)
Confirm with . or Enter, or press ? or * to list all spells.
A film of ice covers your body!
The ice devil completely resists.
The wall freezes the ice devil but does no damage.
Casting: Ozocubu's Armour (safe; 1% risk of failure)
Confirm with . or Enter, or press ? or * to list all spells.
You can't see any susceptible monsters within range! (Use Z to cast anyway.) Unknown command.
Casting: Ozocubu's Armour (safe; 1% risk of failure)
Confirm with . or Enter, or press ? or * to list all spells.
You don't have enough magic to cast this spell.
Unknown command.
You completely miss the ice devil.
The ice devil completely resists.
The wall freezes the ice devil but does no damage.
The ice devil hits you but does no damage.
The ice devil completely resists.
The wall freezes the ice devil but does no damage.
The ice devil hits you but does no damage.
You barely miss the ice devil.
You bite the ice devil, but do no damage.
The ice devil completely resists.
The wall freezes the ice devil but does no damage.
The ice devil barely misses you.
You hit the ice devil but do no damage.
You bite the ice devil, but do no damage.
The ice devil completely resists.
The wall freezes the ice devil but does no damage.
The ice devil hits you.
* * * LOW HITPOINT WARNING * * *
The ice devil freezes you!!
* * * LOW HITPOINT WARNING * * *
As you read the scroll of teleportation, it crumbles to dust.
You feel strangely unstable.
The ice devil completely resists.
The wall freezes the ice devil but does no damage.
The ice devil hits you.
* * * LOW HITPOINT WARNING * * *
The ice devil freezes you!
You feel yourself slow down.
You die...

#. ###### ... ##.P##. #...####
####### ##...[..
#.....#.###...'@# #....P#P
.....##.#....#.4.....###..#####
#.....#...#.+.##....##...#
#.......###### ...##..##
#......## ####...# ##.....##
#########...## #......#
#.......##...### #.....##
##.......###>...## ##....##
#.......## ##.....


You could see an ice devil.

Vanquished Creatures
  Gastronok (D:9)
  Kirke (Lair:4)
  Josephine (D:10)
  A hydra (Lair:3)
  A centaur warrior (D:11)
  6 death yaks (Lair:3)
  Pikel (D:6)
  An ugly thing (D:12)
  An orc sorcerer (D:7)
  2 cyclopes (D:11)
  A guardian serpent (Lair:2)
  2 black mambas (Lair:3)
  5 cane toads
  2 gargoyles
  A rime drake (Lair:1)
  3 komodo dragons
  An ice devil (Lair:4)
  Grinder (D:4)
  6 dream sheep (Lair:3)
  16 blink frogs
  A vampire (D:10)
  42 yaks
  A wyvern (D:7)
  5 hogs (Lair:4)
  5 wraiths
  2 shadows (D:11)
  2 basilisks
  Grum (D:11)
  2 vampire mosquitoes (D:9)
  Menkaure (D:6)
  2 two-headed ogre zombies (D:11)
  Duvessa (D:5)
  7 water moccasins
  2 orc warriors (D:9)
  An ice beast (D:7)
  Pargi (Sewer)
  2 black bears
  6 wolves
  6 centaurs
  2 phantoms
  A lemure (D:6)
  4 kobold brigands
  14 bullfrogs
  2 necrophages
  2 scorpions
  4 wights (D:6)
  2 troll zombies (D:11)
  Dowan (D:5)
  7 killer bees (D:8)
  3 electric eels
  4 howler monkeys
  3 hounds
  6 orc priests
  5 jellies
  2 gnoll boudas
  2 iguanas
  8 orc wizards
  4 ogre zombies (D:11)
  20 gnolls
  10 adders
  2 shadow imps
  3 white imps
  2 worms (D:2)
  A dart slug (D:5)
  30 orcs
  2 bats
  9 endoplasms
  3 giant cockroaches
  15 goblins
  10 hobgoblins
  2 jackals (D:2)
  2 quokkas (D:1)
  9 ball pythons
  4 frilled lizards
  A goblin skeleton (D:11)
  4 goblin zombies (D:11)
  3 hobgoblin skeletons (D:11)
  A hobgoblin zombie (D:11)
  23 kobolds
  An orc skeleton (D:11)
  15 orc zombies (D:11)
  4 rats
396 creatures vanquished.

Vanquished Creatures (others)
  8 fungi
  10 plants
18 creatures vanquished.

Grand Total: 414 creatures vanquished

Notes
Turn   | Place    | Note
-------+----------+-------------------------------------------
     0 | D:1      | PyroL the Draconian Ice Elementalist began the quest for
                  | the Orb.
     0 | D:1      | Reached XP level 1. HP: 14/14 MP: 3/3
    89 | D:1      | Reached XP level 2. HP: 20/20 MP: 1/5
   506 | D:1      | Reached XP level 3. HP: 15/26 MP: 1/7
   650 | D:1      | Found a faded altar of an unknown god.
   905 | D:1      | Learned a level 3 spell: Ozocubu's Armour
   909 | D:1      | Learned a level 3 spell: Frozen Ramparts
  1255 | D:2      | Reached XP level 4. HP: 31/33 MP: 0/8
  1724 | D:3      | Found a glowing drain.
  1762 | Sewer    | Entered a sewer
  1843 | Sewer    | Reached skill level 5 in Ice Magic
  1895 | Sewer    | Noticed Pargi
  1912 | Sewer    | Killed Pargi
  1913 | Sewer    | Reached XP level 5. HP: 35/38 MP: 0/10
  2150 | D:3      | Reached XP level 6. HP: 50/50 MP: 1/11
  3388 | D:4      | Noticed Grinder
  3520 | D:5      | Entered Level 5 of the Dungeon
  3544 | D:5      | Found a staircase to the Ecumenical Temple.
  3558 | Temple   | Entered the Ecumenical Temple
  3665 | Temple   | Became a worshipper of Vehumet
  4023 | D:5      | Reached skill level 5 in Fighting
  4111 | D:5      | Your scales start taking on a golden yellow colour.
  4111 | D:5      | Reached XP level 7. HP: 30/61 MP: 4/13
  4111 | D:5      | Gained mutation: You are resistant to acid. (rCorr) [Yellow
                  | Draconian growth]
  4360 | D:5      | Reached skill level 6 in Ice Magic
  5143 | D:6      | Found a large runed translucent door.
  5146 | D:6      | Found a large runed translucent door.
  5181 | D:6      | Found a broken altar of Ashenzari.
  5202 | D:6      | Found an ancient bone altar of Kikubaaqudgha.
  5354 | D:6      | Noticed Menkaure
  5365 | D:6      | Killed Menkaure
  5366 | D:6      | Reached skill level 5 in Spellcasting
  5366 | D:6      | Reached skill level 7 in Ice Magic
  5568 | D:6      | Reached * piety under Vehumet
  5568 | D:6      | Offered knowledge of Shock by Vehumet.
  5689 | D:6      | Reached XP level 8. HP: 42/66 MP: 6/16
  6031 | D:6      | HP: 3/62 [wight/+5 scimitar of freezing (1)]
  6491 | D:6      | Noticed Pikel
  6496 | D:6      | Killed Pikel
  7102 | D:7      | Reached XP level 9. HP: 71/74 MP: 17/17
  7133 | D:7      | Noticed an orc sorcerer
  7139 | D:7      | Noticed a sixfirhy
  7141 | D:7      | Killed an orc sorcerer
  8363 | D:8      | Reached ** piety under Vehumet
  8368 | D:8      | Offered knowledge of Foxfire by Vehumet.
  8717 | D:8      | Noticed a gargoyle
  8724 | D:8      | Killed a gargoyle
  8725 | D:8      | Reached skill level 10 in Dodging
  8868 | D:8      | Found a staircase to the Lair.
  9401 | D:5      | Noticed Duvessa
  9401 | D:5      | Noticed Dowan
  9414 | D:5      | Killed Duvessa
  9426 | D:5      | Killed Dowan
  9427 | D:5      | Reached XP level 10. HP: 73/81 MP: 4/18
  9682 | D:4      | Killed Grinder
  9980 | D:9      | Reached skill level 8 in Ice Magic
 10123 | D:9      | Offered knowledge of Hailstorm by Vehumet.
 10131 | D:9      | Learned a level 3 spell: Hailstorm
 10214 | D:9      | Reached *** piety under Vehumet
 10437 | D:9      | Reached skill level 1 in Conjurations
 10437 | D:9      | Reached skill level 9 in Ice Magic
 10489 | D:9      | Noticed Gastronok
 10513 | D:9      | Killed Gastronok
 10901 | D:9      | Reached skill level 10 in Ice Magic
 11045 | D:10     | Entered Level 10 of the Dungeon
 11282 | D:10     | HP: 2/81 [something (13)]
 11291 | D:10     | HP: 3/81 [something (9)]
 11581 | D:10     | Offered knowledge of Inner Flame by Vehumet.
 11599 | D:10     | Reached skill level 5 in Conjurations
 11682 | D:10     | Noticed Josephine
 11684 | D:10     | Identified the ring of Isazick {rN+ Str+2}
 11699 | D:10     | Killed Josephine
 11706 | D:10     | Reached XP level 11. HP: 79/86 MP: 8/19
 11790 | D:10     | Reached XP level 12. HP: 103/103 MP: 20/20
 11791 | D:10     | Reached skill level 12 in Ice Magic
 11791 | D:10     | Reached XP level 13. HP: 108/108 MP: 21/21
 11792 | D:10     | Reached skill level 10 in Fighting
 11792 | D:10     | Reached skill level 14 in Ice Magic
 11792 | D:10     | Gained mutation: You have acidic saliva. [Yellow Draconian
                  | growth]
 11792 | D:10     | Reached XP level 14. HP: 121/121 MP: 22/22
 11962 | D:10     | Found a runed translucent gate.
 11962 | D:10     | Found a runed translucent gate.
 11963 | D:10     | Found a runed translucent gate.
 11963 | D:10     | Noticed BubbleThief's ghost (journeyman NaIE)
 11965 | D:10     | Found a viscous altar of Jiyva.
 12454 | D:11     | Found a staircase to the Orcish Mines.
 12465 | D:11     | Reached **** piety under Vehumet
 12467 | D:11     | Offered knowledge of Arcjolt by Vehumet.
 12863 | D:11     | Learned a level 5 spell: Arcjolt
 12895 | D:11     | Reached skill level 1 in Air Magic
 13022 | D:11     | Reached skill level 10 in Conjurations
 13094 | D:11     | Noticed Grum
 13103 | D:11     | Killed Grum
 13249 | D:11     | Reached ***** piety under Vehumet
 13249 | D:11     | Offered knowledge of Orb of Destruction by Vehumet.
 13804 | Lair:1   | Entered Level 1 of the Lair of Beasts
 14916 | Lair:1   | Reached skill level 5 in Air Magic
 16156 | Lair:2   | Found a staircase to the Snake Pit.
 17520 | Lair:3   | Learned a level 7 spell: Orb of Destruction
 17773 | Lair:3   | Found a staircase to the Shoals.
 18590 | Lair:4   | Offered knowledge of Conjure Ball Lightning by Vehumet.
 18892 | Lair:4   | Found a staircase to the Slime Pits.
 18892 | Lair:4   | Found a viscous altar of Jiyva.
 19070 | Lair:4   | Noticed Kirke
 19089 | Lair:4   | Killed Kirke
 19215 | Lair:4   | Slain by an ice devil

Illustrated notes

Levels and vault maps discovered:
D:1:      minmay_arrival_shattered_statue, layout_basic,
          dreamdust_ecumenical_altar_statues, hangedman_feature_mirror
D:2:      layout_rooms, chequers_jeans
D:3:      layout_basic, cheibrodos_sewer_entry_drain, st_stairs_3
D:4:      layout_cave_pods, uniq_grinder
D:5:      layout_layer_cave, temple_pool_b, uniq_duvessa
D:6:      layout_loops_corners, jmf_multi_god_temple2,
          lightli_ossuary_entry_decrepit_ruins, uniq_menkaure, uniq_pikel
D:7:      cheibrodos_wizards_tower, layout_gridville
D:8:      layout_loops_cross, lair_entry_dummy
D:9:      layout_roguey, uniq_gastronok
D:10:     layout_small_grid, gammafunk_ghost_ooze, minivault_22,
          chequers_serial_rivers_micro_b, uniq_josephine
D:11:     layout_loops_ring, zombieorc2_lemuel, uniq_grum
D:12:     layout_loops_ring, ebering_ghost_disaster_area,
          dancing_weapons_uskayaw, uniq_sonja, uniq_erolcha
Temple:   nicolae_temple_slightly_damp_pantheon
Lair:1:   layout_gridlike, lemuel_fruit_fields
Lair:2:   layout_gridlike, minmay_snake_entry_spellcaster
Lair:3:   layout_gridlike, elwin_shoals_entry_rocks, grunt_megastairs_3
Lair:4:   layout_layer_cave, nicolae_slime_entry_slimehenge,
          portal_ice_cave_demonic_guard, uniq_kirke

Skill      XL: |  1  2  3  4  5  6  7  8  9 10 11 12 13 14 |
---------------+-------------------------------------------+-----
Spellcasting   | 3 4 5 6 |  6.3
Ice Magic      | 5 7 10 12 14 | 14.2
Fighting       | 2 5 8 10 | 10.0
Dodging        | 6 10 | 10.1
Conjurations   | 6 9 13 | 13.5
Air Magic      | 6 |  6.0
Stealth        | |  1.7

Action                   |  1- 3 |  4- 6 |  7- 9 | 10-12 | 13-15 || total
-------------------------+-------+-------+-------+-------+-------++-------
Melee: Unarmed           |    29 |       |       |       |       ||    29
       Tailslap          |     9 |    23 |    42 |    15 |    43 ||   132
       Dagger            |    57 |    70 |       |       |       ||   127
       Punch             |       |     4 |     4 |     1 |       ||     9
       Short sword       |       |    90 |   118 |       |       ||   208
       Scimitar          |       |       |   125 |   119 |   214 ||   458
       Long sword        |       |       |     5 |       |       ||     5
       Bite              |       |       |       |       |    25 ||    25
 Cast: Freeze            |    44 |    53 |    59 |    26 |   113 ||   295
       Frozen Ramparts   |     2 |     5 |    21 |    11 |    37 ||    76
       Ozocubu's Armour  |       |     3 |    17 |    10 |    30 ||    60
       Hailstorm         |       |       |       |       |    30 ||    30
       Arcjolt           |       |       |       |       |    24 ||    24
       Orb of Destructio |       |       |       |       |     1 ||     1
 Abil: Breathe Acid      |       |       |     2 |       |     3 ||     5
  Use: Scroll            |     1 |     4 |     8 |     6 |     8 ||    27
       Potion            |       |       |       |    10 |     1 ||    11
 Stab: Distracted        |     1 |       |       |       |       ||     1
       Sleeping          |       |     2 |     4 |       |       ||     6
Armor: Skin              |    43 |    84 |   136 |   101 |   177 ||   541
Dodge: Dodged            |   100 |    97 |   256 |   164 |   298 ||   915
Block: Buckler           |       |       |       |    22 |    54 ||    76

Table legend: (Time is in decaauts)
 A = Elapsed time spent in this place.
 B = Non-inter-level travel time spent in this place.
 C = Inter-level travel time spent in this place.
 D = Time resting spent in this place.
 E = Time spent auto-exploring this place.
 F = Levels seen in this place.
 G = Mean time per level.
                   A        B        C        D        E       F      G
               +--------+--------+--------+--------+--------+-----+--------+
         Total |  19414 |  18755 |    659 |   3193 |  12458 |  18 | 1078.6 |
       Dungeon |  14140 |  13557 |    583 |   2307 |   8987 |  12 | 1178.3 |
        Temple |    202 |    184 |     18 |      0 |    159 |   1 |  202.0 |
          Lair |   4709 |   4652 |     57 |    886 |   3027 |   4 | 1177.2 |
         Sewer |    360 |    360 |      0 |      0 |    285 |   1 |  360.0 |
               +--------+--------+--------+--------+--------+-----+--------+

Top non-repeatable levels by time:
     D:6: 2173 daAuts
  Lair:3: 1737 daAuts
     D:8: 1704 daAuts
     D:5: 1673 daAuts
     D:9: 1660 daAuts
    D:11: 1440 daAuts
     D:7: 1256 daAuts
  Lair:1: 1025 daAuts
  Lair:4: 973 daAuts
  Lair:2: 972 daAuts
    D:10: 937 daAuts
     D:1: 879 daAuts
     D:4: 870 daAuts
     D:2: 843 daAuts
     D:3: 687 daAuts
